 Dungeon Crawl Stone Soup version 0.26-a0-466-g989023bd0d (webtiles) character file.

Game seed: 7177719147534744226

5371 Apogee the Grappler (level 10, 0/153 HPs)
             Began as a Troll Warper on July 31, 2020.
             Was an Initiate of Gozag.
             Slain by Grum
             ... wielding a -1 halberd
              (15 damage)
             ... on level 9 of the Dungeon.
             The game lasted 00:12:45 (6614 turns).

Apogee the Grappler (Troll Warper)                  Turns: 6614, Time: 00:12:46

Health: 0/153      AC: 25    Str: 23    XL:     10   Next: 39%
Magic:  10/10      EV:  1    Int: 10    God:    Gozag
Gold:   907        SH:  0    Dex:  9    Spells: 9/11 levels left

rFire    . . .     SeeInvis .     - Unarmed
rCold    . . .     Faith    .   (no shield)
rNeg     + + +     Spirit   .   (armour currently unavailable)
rPois    +         Reflect  .   (helmet currently unavailable)
rElec    .         Harm     .   (cloak currently unavailable)
rCorr    +         NoTele   +   (gloves unavailable)
MR       .....                  (boots unavailable)
Stlth    +.........             e - amulet of regeneration
HPRegen  1.15/turn              (no ring)
MPRegen  0.12/turn              m - ring of resist corrosion

@: mighty, lethally poisoned (0 -> 0), tree-form, gold aura
A: large, unfitting armour, regeneration 1
a: Potion Petition, Call Merchant, Bribe Branch, Renounce Religion


You were on level 9 of the Dungeon.
You worshipped Gozag.
Gozag was pleased with you.
You were a tree.
You visited 2 branches of the dungeon, and saw 10 of its levels.

You collected 1153 gold pieces.
You spent 199 gold pieces at shops.
You paid 47 gold pieces to Gozag.

Inventory:

Missiles
 b - 168 stones
 d - 5 boomerangs of dispersal {!f}
 n - 2 throwing nets (quivered) {!f}
 o - 6 javelins
 q - 4 boomerangs
 y - 7 curare-tipped darts {!f}
 C - 7 poisoned darts
Armour
 D - the +3 robe of Sufemih (melded) {rElec Dex+5}
   (You bought it in a shop on level 8 of the Dungeon)

   It affects your dexterity (+5).
   It insulates you from electricity.
Jewellery
 e - an amulet of regeneration (around neck)
   (You found it on level 7 of the Dungeon)
 m - a ring of resist corrosion (right branch)
   (You found it on level 3 of the Dungeon)
Wands
 r - a wand of polymorph (7)
   (You found it on level 5 of the Dungeon)
 t - a wand of flame (33)
   (You took it off a kobold on level 3 of the Dungeon)
 u - a wand of paralysis (7)
   (You found it on level 3 of the Dungeon)
Scrolls
 c - 3 scrolls of blinking
 f - 4 scrolls of teleportation {@r4}
 h - 5 scrolls of remove curse {@r2}
 k - 3 scrolls of fear
 l - 2 scrolls of immolation {!r}
 p - a scroll of amnesia
 s - 2 scrolls of enchant armour
 v - a scroll of holy word {unknown}
 x - 2 scrolls of enchant weapon
Potions
 i - 2 potions of flight
 j - a potion of resistance
 w - a potion of berserk rage {unknown}
 z - a potion of brilliance {unknown}


   Skills:
 + Level 7.2 Fighting
 - Level 0.8 Throwing
 - Level 1.9 Dodging
 * Level 11.9 Unarmed Combat
 - Level 1.2 Spellcasting
 - Level 4.5 Translocations


You had 9 spell levels left.
You knew the following spells:

 Your Spells              Type           Power        Failure   Level
b - Blink                 Tloc           N/A          9%          2

Your spell library contained the following spells:

 Spells                   Type           Power        Failure   Level
 Gell's Gravitas          Tloc           #.........   16%         3
 Lesser Beckoning         Tloc           #.........   16%         3
 Teleport Other           Tloc           #.......     16%         3
 Passage of Golubria      Tloc           N/A          47%         4


Dungeon Overview and Level Annotations

Branches:
Dungeon (9/15)             Temple (1/1) D:4
   Lair: D:8-11         Orc: D:9-12

Altars:
Ashenzari
Cheibriados
Dithmenos
Elyvilon
Fedhas
Gozag
Hepliaklqana
Kikubaaqudgha
Nemelex Xobeh
Okawaru
Qazlal
Ru
Sif Muna
Trog
Vehumet
Wu Jian
Yredelemnul
Zin
The Shining One

Shops:
D:8 [

Annotations:
D:4 exclusion: statue
D:9 Grum


Innate Abilities, Weirdness & Mutations

You are too large for most types of armour.
((You have claws for hands.))
Your natural rate of healing is unusually fast.
((You are covered in fur. (AC +1)))
((You have extremely tough skin. (AC +3)))


Message History

Unknown command.
You closely miss the killer bee.
You feel sick.
The wolf is no longer distracted by gold.
The killer bee stings you.
* * * LOW HITPOINT WARNING * * *
You are more poisoned.
The killer bee poisons you!
You feel sick.
The killer bee becomes distracted by the nearby gold, dreaming of imaginary riches.
You feel sick.
You feel sick.
The killer bee is no longer distracted by gold.
You feel sick. The killer bee stings you.
* * * LOW HITPOINT WARNING * * *
You feel sick. The killer bee barely misses you.
It was a potion of might.
You feel very mighty all of a sudden.
You feel sick. The killer bee stings you.
* * * LOW HITPOINT WARNING * * *
The killer bee stings you.
* * * LOW HITPOINT WARNING * * *
The wolf becomes distracted by the nearby gold, dreaming of imaginary riches.
You barely miss the killer bee.
You feel sick. The killer bee stings you.
* * * LOW HITPOINT WARNING * * *
The killer bee stings you but does no damage.
Grum hits you from afar with a -1 halberd.
* * * LOW HITPOINT WARNING * * *
It was a potion of lignification.
You turn into a tree.
The +3 robe of Sufemih {rElec Dex+5} melds into your body.
Your roots penetrate the ground.
You feel sick.
The killer bee stings you but does no damage. x2
Grum hits you but does no damage.
You closely miss the killer bee.
The killer bee stings you but does no damage.
You closely miss the killer bee.
You feel sick.
The wolf is no longer distracted by gold.
The killer bee stings you.
* * * LOW HITPOINT WARNING * * *
The killer bee stings you but does no damage.
Grum hits you from afar with a -1 halberd.
* * * LOW HITPOINT WARNING * * *
You smack the killer bee!
You feel sick.
The killer bee stings you but does no damage.
Unknown command.
You pummel the killer bee!!
You kill the killer bee!
You feel sick.
Grum hits you from afar with a -1 halberd!
You die...
Your body crumbles into a pile of gold. g

##. # # $ #.. .#.#
#y##.#.# #.#....#
.######y.#.#.#
..............
########### #..#.#.#
.......♣$.# #[......
#########g#######<.#.#.#
#.h..$hh$......#
################


You could see Grum and a wolf.

Vanquished Creatures
  Harold (D:7)
  A two-headed ogre (D:8)
  Pikel (D:8)
  A troll (D:8)
  Prince Ribbit (D:8)
  A steam dragon (D:8)
  2 insubstantial wisps (D:8)
  A water moccasin (D:8)
  2 ice beasts
  3 sky beasts (D:8)
  3 phantoms (D:7)
  A wolf (D:9)
  A centaur (D:7)
  4 lemures (D:8)
  7 bullfrogs (D:7)
  A wyvern skeleton (D:5)
  15 killer bees
  2 bullfrog skeletons
  A hound (D:7)
  A centaur skeleton (D:5)
  2 orc priests (D:8)
  An iguana (D:8)
  6 orc wizards
  3 worker ants
  A hound zombie (D:5)
  3 gnolls (D:3)
  7 adders
  2 howler monkey skeletons (D:8)
  2 ufetubi
  3 oozes
  An adder skeleton (D:7)
  3 worms
  7 leopard geckos
  17 orcs
  9 bats
  7 giant cockroaches
  3 hobgoblins
  4 jackals (D:8)
  8 kobolds
  A quokka (D:3)
  7 frilled lizards
  4 goblins
  A jackal skeleton (D:5)
  4 rats
156 creatures vanquished.

Notes
Turn   | Place    | Note
-------+----------+-------------------------------------------
     0 | D:1      | Apogee the Troll Warper began the quest for the Orb.
     0 | D:1      | Reached XP level 1. HP: 19/19 MP: 1/1
   110 | D:1      | Reached XP level 2. HP: 25/28 MP: 2/2
   543 | D:1      | Reached skill level 3 in Unarmed Combat
   624 | D:1      | You fall into a shaft and drop 1 floor!
   653 | D:2      | Found a glowing golden altar of the Shining One.
   958 | D:2      | Found an ancient bone altar of Kikubaaqudgha.
   960 | D:2      | Reached XP level 3. HP: 35/35 MP: 3/3
  1442 | D:3      | Reached XP level 4. HP: 30/44 MP: 4/4
  1613 | D:3      | Reached skill level 4 in Unarmed Combat
  1891 | D:3      | Reached XP level 5. HP: 50/50 MP: 5/5
  1896 | D:3      | Found a shimmering blue altar of Sif Muna.
  2033 | D:3      | Learned a level 2 spell: Blink
  2242 | D:4      | Found a staircase to the Ecumenical Temple.
  2252 | Temple   | Entered the Ecumenical Temple
  2326 | Temple   | Became a worshipper of Gozag Ym Sagoz the Greedy
  2357 | D:4      | Found a stormy altar of Qazlal.
  2359 | D:4      | Found a blossoming altar of Fedhas.
  2542 | D:4      | Reached skill level 5 in Unarmed Combat
  2591 | D:4      | Found a radiant altar of Vehumet.
  2593 | D:4      | Noticed a frost-covered statue
  2721 | D:5      | Entered Level 5 of the Dungeon
  2749 | D:5      | Reached XP level 6. HP: 53/61 MP: 6/6
  3423 | D:6      | Noticed an orc warrior
  3763 | D:6      | Found an iron altar of Okawaru.
  3763 | D:6      | Noticed an ice beast
  3770 | D:6      | Killed an ice beast
  3770 | D:6      | Reached skill level 6 in Unarmed Combat
  3770 | D:6      | Reached XP level 7. HP: 52/67 MP: 7/7
  4063 | D:7      | Noticed Harold
  4096 | D:7      | Found a sacrificial altar of Ru.
  4122 | D:7      | Killed Harold
  4122 | D:7      | Reached skill level 7 in Unarmed Combat
  4122 | D:7      | Reached XP level 8. HP: 39/79 MP: 8/8
  4129 | D:7      | Reached skill level 8 in Unarmed Combat
  4304 | D:7      | Reached skill level 5 in Fighting
  4470 | D:7      | Reached XP level 9. HP: 42/88 MP: 9/9
  4542 | D:7      | Reached skill level 9 in Unarmed Combat
  4861 | D:7      | Found a hazy altar of Hepliaklqana.
  5022 | D:8      | Reached skill level 10 in Unarmed Combat
  5279 | D:8      | Noticed a troll
  5301 | D:8      | Killed a troll
  5517 | D:8      | Noticed Prince Ribbit
  5561 | D:8      | Killed Prince Ribbit
  5617 | D:8      | Reached skill level 11 in Unarmed Combat
  5797 | D:8      | Noticed Pikel
  5824 | D:8      | Killed Pikel
  5824 | D:8      | Reached XP level 10. HP: 84/100 MP: 10/10
  5886 | D:8      | Found a shattered altar of Ashenzari.
  6011 | D:8      | Found an ornate altar of the Wu Jian Council.
  6254 | D:8      | Noticed a two-headed ogre
  6321 | D:8      | Killed a two-headed ogre
  6419 | D:8      | Found Jup Qous's Antique Armour Shop.
  6422 | D:8      | Bought a shadowed robe for 199 gold pieces
  6432 | D:8      | Identified the +3 robe of Sufemih {rElec Dex+5} (You bought
                  | it in a shop on level 8 of the Dungeon)
  6560 | D:9      | Noticed Grum
  6614 | D:9      | Slain by Grum

Illustrated notes

Levels and vault maps discovered:
D:1:      minmay_arrival_shattered_statue, layout_basic
D:2:      layout_basic, kiku_gazebo_pond_becter, tso_metal_star
D:3:      layout_loops_ring, tgw_sif
D:4:      layout_rooms, vehumet_statue, grunt_temple_overflow_forces_of_nature,
          temple_statues
D:5:      layout_basic
D:6:      layout_basic, xom_redecorated, portal_sewer_entry_b, okawaru_trees_1
D:7:      layout_cave_pools, nicolae_ru_sacrificial_ziggurat,
          lemuel_coloured_pillars_altar, uniq_harold
D:8:      layout_basic, evilmike_ruin_ashenzari, nicolae_overflow_hidden_temple,
          serial_shops, kennysheep_mini_moat, hangedman_misty_isle,
          uniq_prince_ribbit1, uniq_pikel
D:9:      layout_loops_ring, eat_drink_and_be_merry_uskayaw, old_standard_altar,
          nicolae_overflow_crystal_walls, grunt_lair_entry_orc_guard_hut,
          uniq_maurice, uniq_erolcha, uniq_grum
Temple:   compressed_dpeg_triangle_lava_temple

Skill      XL: |  1  2  3  4  5  6  7  8  9 10 |
---------------+-------------------------------+-----
Fighting       | 2 3 4 5 6 7 |  7.2
Unarmed Combat | 3 4 5 6 7 8 11 | 11.9
Translocations | 3 4 |  4.5
Throwing       | |  0.8
Dodging        | |  1.9
Spellcasting   | |  1.2

Action                   |  1- 3 |  4- 6 |  7- 9 | 10-12 || total
-------------------------+-------+-------+-------+-------++-------
Melee: Unarmed           |   134 |   155 |   237 |    69 ||   595
       Punch             |     3 |       |     8 |     2 ||    13
Throw: Throwing net      |       |       |       |     2 ||     2
Evoke: Wand              |       |     6 |       |       ||     6
  Use: Scroll            |       |     8 |     1 |     3 ||    12
       Potion            |       |       |     1 |     2 ||     3
 Stab: Sleeping          |       |     1 |       |       ||     1
       Distracted        |       |       |     1 |       ||     1
       Held in net/web   |       |       |       |     1 ||     1
Armor: Robe              |    72 |    34 |    66 |    23 ||   195
       Skin              |       |       |       |     6 ||     6
Dodge: Dodged            |    79 |    66 |    97 |    38 ||   280

Table legend: (Time is in decaauts)
 A = Elapsed time spent in this place.
 B = Non-inter-level travel time spent in this place.
 C = Inter-level travel time spent in this place.
 D = Time resting spent in this place.
 E = Time spent auto-exploring this place.
 F = Levels seen in this place.
 G = Mean time per level.
                   A        B        C        D        E       F      G
               +--------+--------+--------+--------+--------+-----+--------+
         Total |   6561 |   6252 |    309 |    517 |   4251 |  10 |  656.1 |
       Dungeon |   6471 |   6176 |    295 |    517 |   4185 |   9 |  719.0 |
        Temple |     89 |     75 |     14 |      0 |     66 |   1 |   89.0 |
               +--------+--------+--------+--------+--------+-----+--------+

Top non-repeatable levels by time:
     D:8: 1608 daAuts
     D:5: 1126 daAuts
     D:1: 897 daAuts
     D:3: 875 daAuts
     D:7: 871 daAuts
     D:2: 458 daAuts
     D:4: 387 daAuts
     D:6: 199 daAuts
  Temple: 89 daAuts
     D:9: 47 daAuts
